 Dungeon Crawl Stone Soup version 0.30.1-9-gdf580d7c3d (webtiles) character file.

Game seed: 10670979143653892361

99 KittyFluff the Cudgeller (level 4, -5/29 HPs)
             Began as a Gargoyle Berserker on Oct 19, 2023.
             Was a Believer of Trog.
             Killed from afar by an orc wizard (6 damage)
             ... with a magic dart
             ... on level 2 of the Dungeon.
             The game lasted 00:06:32 (1526 turns).

KittyFluff the Cudgeller (Gargoyle Berserker)       Turns: 1526, Time: 00:06:33

Health: -5/29      AC:  8    Str: 22    XL:     4   Next: 72%
Magic:  4/4        EV: 11    Int:  8    God:    Trog [**....]
Gold:   42         SH:  0    Dex:  9    Spells: 3/3 levels left

rFire   . . .        a - +0 mace
rCold   . . .        (no shield)
rNeg    + . .        d - +0 leather armour
rPois   ∞            (no helmet)
rElec   +            n - +0 cloak
rCorr   .            (no gloves)
SInv    .            (no boots)
Will    .....        (no amulet)
Stlth   +            (no ring)
HPRegen 0.24/turn    (no ring)
MPRegen 0.09/turn

%: no passive effects
@: on berserk cooldown, slowed, very slow
A: sickness immunity, AC +3, negative energy resistance 1, electricity
resistance, torment resistance 1, petrification resistance
a: Renounce Religion, Berserk, Trog's Hand


You were on level 2 of the Dungeon.
You worshipped Trog.
Trog was pleased with you.
You visited 1 branch of the dungeon, and saw 3 of its levels.

You collected 42 gold pieces.

Inventory:

Hand Weapons
 a - a +0 mace (weapon)
 m - a +2 quarterstaff of chaos
Armour
 d - a +0 leather armour (worn)
 i - the +1 scale mail of Buedo {rN+ Will+ Regen+}
   (You found it on level 2 of the Dungeon)

   rN:        It protects you from negative energy.
   Regen:     It increases your rate of health regeneration.
   Will:      It increases your willpower.
 n - a +0 cloak (worn)
Wands
 l - a wand of roots (7)
Scrolls
 c - a scroll of identify {unknown}
 f - a scroll of enchant weapon {unknown}
 h - a scroll of noise {unknown}
 p - a scroll of silence {unknown}
Potions
 b - a potion of degeneration {unknown}
 e - a potion of resistance {unknown}
 g - 4 potions of curing {unknown}
 j - a potion of haste {unknown}
 k - a potion of might {unknown}
 o - a potion of ambrosia {unknown}
 q - a potion of invisibility {unknown}


   Skills:
 + Level 3.8 Fighting
 * Level 4.0 Maces & Flails
 * Level 3.4 Armour
 + Level 2.0 Dodging


You had 3 spell levels left.
You didn't know any spells.
Your spell library was empty.

Dungeon Overview and Level Annotations

Branches:
Dungeon (3/15)

Altars:


Innate Abilities, Weirdness & Mutations

You are immune to sickness and miasma.
Your stone body is resilient. (AC +3)
You are immune to poison.
You resist negative energy. (rN+)
You are resistant to electric shocks. (rElec)
You are resistant to unholy torment.
You are immune to petrification.


Message History

The orc hits you but does no damage. Something hits you.
* * * LOW HITPOINT WARNING * * *
You barely miss the orc.
The orc is heavily wounded.
The orc hits you but does no damage. Something hits you but does no damage.
You completely miss something. The orc hits you but does no damage.
Something hits you but does no damage.
You sock the orc!
You kill the orc!
Trog accepts your kill.
You closely miss the orc.
The orc is moderately wounded.
You sock the orc!
You kill the orc!
Trog accepts your kill. Something hits you.
* * * LOW HITPOINT WARNING * * *
Something hits you.
* * * LOW HITPOINT WARNING * * *
You see here a +0 whip.
You closely miss something. You miss something. Something hits you.
* * * LOW HITPOINT WARNING * * *
You sock something!
You hear some strange, mumbled words.
A puff of flame appears from out of thin air!
The puff of flame hits you.
* * * LOW HITPOINT WARNING * * *
You miss something. Something hits you.
* * * LOW HITPOINT WARNING * * *
You barely miss something.
You are no longer berserk.
You are exhausted.
You feel yourself slow down.
You hit something but do no damage. Something hits you.
* * * LOW HITPOINT WARNING * * *
You hear some strange, mumbled words.
A magic dart appears from out of thin air!
The magic dart hits you.
You die...

#)..### ##P...#.# #####
####...# ### ##### ..#
..# ### ######### ###
#.# #.......# #.#
###.###.# ### #.# #<#
#.# ..# #<######@# #.#
..# #......{># #.#
#.################ #.#
#.........# ##.##
#.#######.#########...#
#.# #..............#
#.# #..#########...#
#.# #<.# ##### #.# #..#


There were no monsters in sight!

Vanquished Creatures
  Crazy Yiuf (D:2)
  An adder (D:2)
  A worm (D:2)
  2 dart slugs (D:1)
  3 orcs
  3 ball pythons (D:1)
  4 bats
  9 endoplasms
  5 giant cockroaches
  5 goblins
  2 hobgoblins
  6 quokkas
  2 kobolds (D:1)
  A rat (D:2)
45 creatures vanquished.

Notes
Turn   | Place    | Note
-------+----------+-------------------------------------------
     0 | D:1      | KittyFluff the Gargoyle Berserker began the quest for the
                  | Orb.
     0 | D:1      | Reached XP level 1. HP: 14/14 MP: 1/1
    80 | D:1      | Reached XP level 2. HP: 19/19 MP: 2/2
    81 | D:1      | Found a faded altar of an unknown god.
   154 | D:1      | You fall into a shaft and drop 1 floor!
   609 | D:1      | Reached XP level 3. HP: 22/23 MP: 3/3
   979 | D:2      | Reached ** piety under Trog
   981 | D:2      | Reached XP level 4. HP: 27/29 MP: 4/4
  1001 | D:2      | Identified the +1 scale mail of Buedo {rN+ Will+ Regen+}
  1080 | D:2      | Found a runed translucent door.
  1081 | D:2      | Noticed Crazy Yiuf
  1089 | D:2      | Killed Crazy Yiuf
  1424 | D:2      | Reached skill level 4 in Maces & Flails
  1523 | D:2      | HP: 2/43 [something/puff of flame (4)]
  1526 | D:2      | Killed from afar by an orc wizard

Illustrated notes

Levels and vault maps discovered:
D:1:      minmay_arrival_shattered_statue, layout_loops_cross,
          ebering_ecumenical_altar_sacrificial, nrook_uturn
D:2:      layout_loops_ring, uniq_crazy_yiuf_cottage
D:3:      layout_rooms, portal_sewer_entry_f, minmay_ogre_servants, uniq_robin

Skill      XL: |  1  2  3  4 |
---------------+-------------+-----
Armour         | 3 |  3.4
Dodging        | 2 |  2.0
Maces & Flails | 4 |  4.0
Fighting       | |  3.8

Action                     |  1- 3 |  4- 6 || total
---------------------------+-------+-------++-------
  Melee: Mace              |   115 |    51 ||   166
         Punch             |       |     1 ||     1
 Invoke: Berserk           |       |     2 ||     2
 Armour: Animal skin       |    29 |       ||    29
         Leather armour    |    17 |    28 ||    45
  Dodge: Dodged            |    80 |    34 ||   114
